 Dungeon Crawl Stone Soup version 0.30-a0-385-gfebfb9b408 (webtiles) character file.

Game seed: 7750277903691694573

9849 flotson the Fighter (level 11, -4/87 HPs)
             Began as a Demonspawn Delver on Dec 3, 2022.
             Shot with an arrow by a centaur warrior (21 damage)
             ... on level 10 of the Dungeon.
             The game lasted 00:14:39 (8502 turns).

flotson the Fighter (Demonspawn Delver)             Turns: 8502, Time: 00:14:40

Health: -4/87      AC: 14    Str: 16    XL:     11   Next: 28%
Magic:  11/11      EV: 15    Int: 11    God:
Gold:   511        SH:  0    Dex: 20    Spells: 10/10 levels left

rFire   + . .      SeeInvis .    a - +7 war axe
rCold   . . .      Faith    .    H - orb {mayhem}
rNeg    + . .      Spirit   .    M - +1 ring mail {rN+}
rPois   .          Reflect  .    m - +0 helmet
rElec   .          Harm     .    j - +0 cloak
rCorr   .          Rampage  .    (no gloves)
Will    .....                    (no boots)
Stlth   +++++.....               G - amulet of regeneration
HPRegen 1.14/turn                k - +4 ring of protection
MPRegen 0.12/turn                p - ring of protection from fire

@: no status effects
A: claws 2, thin skeletal structure 2, powered by death 1, spiny 2
a: no special abilities


You were on level 10 of the Dungeon.
You visited 2 branches of the dungeon, and saw 11 of its levels.

You collected 595 gold pieces.
You spent 84 gold pieces at shops.

Inventory:

Hand Weapons
 a - a +7 war axe (weapon)
 b - a +1 whip of draining
 I - a +0 trident
 N - a +4 battleaxe of freezing
Missiles
 C - a throwing net
 J - a curare-tipped dart
 K - 16 poisoned darts (quivered)
Armour
 j - a +0 cloak (worn)
 m - a +0 helmet (worn)
 H - an orb of mayhem (worn)
 M - a +1 ring mail of positive energy (worn)
Jewellery
 k - a +4 ring of protection (left claw)
 p - a ring of protection from fire (right claw)
 v - a ring of flight
 G - an amulet of regeneration (around neck)
 P - a +6 ring of strength
Wands
 g - a wand of digging (14)
 D - a wand of charming (5)
 R - a wand of acid (7)
Scrolls
 c - 6 scrolls of fog
 d - 3 scrolls of magic mapping
 f - a scroll of brand weapon {unknown}
 l - 2 scrolls of noise {unknown}
 n - 2 scrolls of immolation {unknown}
 r - 7 scrolls of teleportation
 s - 3 scrolls of blinking {unknown}
 t - 2 scrolls of identify
 u - a scroll of torment {unknown}
 y - a scroll of summoning {unknown}
 A - a scroll of silence {unknown}
 L - 4 scrolls of enchant armour {unknown}
 O - a scroll of vulnerability {unknown}
 Q - a scroll of poison {unknown}
Potions
 h - a potion of ambrosia {unknown}
 i - 6 potions of curing
 o - 2 potions of mutation
 q - a potion of attraction {unknown}
 w - a potion of cancellation {unknown}
 x - 5 potions of heal wounds
 z - 2 potions of flight
 B - a potion of haste
 E - 2 potions of berserk rage
 F - a potion of magic {unknown}
 T - a potion of lignification {unknown}
Miscellaneous
 S - a condenser vane (inert)
 U - a piece from Xom's chessboard (15/15)


   Skills:
 + Level 8.5 Fighting
 + Level 5.0(5.2) Axes
 - Level 1.7(3.6) Polearms
 + Level 5.0 Throwing
 + Level 7.1 Armour
 + Level 7.5 Dodging
 - Level 5.0 Stealth
 + Level 7.7 Evocations


You had 10 spell levels left.
You didn't know any spells.
Your spell library contained the following spells:

 Spells                   Type           Power      Damage    Failure   Level
 Cigotuvi's Dreadful Rot  Necr/Pois/Air  0%         N/A       67%         2
 Static Discharge         Conj/Air       0%         2-2/arc   67%         2
 Call Canine Familiar     Summ           0%         N/A       88%         3
 Portal Projectile        Hex/Tloc       0%         N/A       88%         3
 Vhi's Electric Charge    Tloc/Air       0%         N/A       88%         3
 Animate Dead             Necr           0%         N/A       99%         4
 Ice Form                 Ice/Tmut       0%         N/A       99%         4
 Leda's Liquefaction      Hex/Erth       0%         N/A       99%         4
 Arcjolt                  Conj/Air       0%         1d10      100%        5
 Borgnjor's Vile Clutch   Necr/Erth      0%         N/A       100%        5
 Lightning Bolt           Conj/Air       0%         1d11      100%        5
 Death Channel            Necr           0%         N/A       100%        6
 Simulacrum               Ice/Necr       0%         N/A       100%        6
 Infestation              Necr           0%         N/A       100%        8


Dungeon Overview and Level Annotations

Branches:
Dungeon (10/15)            Temple (1/1) D:7            Lair (0/5) D:8
    Orc: D:9-12

Altars:
Ashenzari
Dithmenos
Fedhas
Gozag
Hepliaklqana
Kikubaaqudgha
Makhleb
Nemelex Xobeh
Okawaru
Qazlal
Ru
Sif Muna
Trog
Uskayaw
Vehumet
Wu Jian
Xom
Yredelemnul

Shops:
D:2 ?   D:8 =


Innate Abilities, Weirdness & Mutations

You have very sharp fingernails.
You have a moderately thin skeletal structure. (Dex +4, Stealth++)
You regenerate a little health from kills.
You are mostly covered in sharp spines.


Message History

The centaur warrior wields a +0 longbow.
The centaur warrior shoots an arrow.
The arrow barely misses you.
Items here: ! ( ) [.
You feel very sick.
The centaur warrior shoots an arrow.
The arrow hits you!
A troll comes into view.
You feel sick.
The centaur warrior unwields a +0 longbow.
The centaur warrior hits you but does no damage.
The centaur warrior kicks you but does no damage.
The cyclops is struck by your spines. The cyclops misses you.
Items here: ! ( ) [.
You hit the cyclops.
The cyclops is lightly wounded.
You hit the centaur warrior.
You feel sick. The centaur warrior hits you! The centaur warrior kicks you.
The centaur warrior is struck by your spines.
The centaur warrior closely misses you.
The centaur warrior kicks you but does no damage.
The cyclops hits you!!
* * * LOW HITPOINT WARNING * * *
You are too injured to fight recklessly!
Unknown command.
You are too injured to fight recklessly!
As you read the scroll of fear, it crumbles to dust.
You assume a fearsome visage.
The cyclops looks frightened!
The centaur warrior looks frightened!
The troll looks frightened!
You feel sick.
The cyclops cries, "Mercy!"
You feel sick.
You feel sick.
You feel sick.
You feel sick.
You feel sick.
You are no longer poisoned.
There is an open door, spattered with blood here.
You see here a hydra corpse.
The centaur warrior wields a +0 longbow.
The centaur warrior shoots an arrow.
The arrow hits you!!
You die...

..............#.##<.........####
##..............###...........##
#...#...#######..#..#######....#
....#..##.....##...## ... ##...#
......##..#.#..##.## #.# ##..#
.....##...#.##..### ... ##.#
.....#....#..#...######.######.#
##...#....#....#.#...........#.##
.....#.........#@†#####.######...
.....#......#.##.#....)......#...
...#.#....#.#....######c######...
.....##..##.##..## .... ##...
......##..#....## #.#####....
.......##.....## ... ##....>
........###'### #'# #....##
.......##.....## .T. ##...##
......##.#####.## .. ##..##


You could see a centaur warrior.

Vanquished Creatures
  2 hydras
  A two-headed ogre (D:9)
  A gargoyle (D:10)
  A troll (D:8)
  A meliai (D:10)
  A hornet (D:9)
  2 dream sheep (D:8)
  Sigmund (D:6)
  A wraith (D:10)
  A wyvern (D:7)
  13 yaks
  2 steam dragons
  An acid dragon (D:9)
  A water moccasin (D:7)
  Duvessa (D:6)
  2 ice beasts
  2 black bears
  An ogre (D:4)
  2 centaurs (D:7)
  A phantom (D:5)
  3 kobold brigands (D:8)
  A gnoll sergeant (D:10)
  A bullfrog (D:8)
  A necrophage (D:8)
  2 scorpions
  8 wights
  Dowan (D:6)
  11 killer bees
  2 howler monkeys (D:9)
  An electric eel (D:8)
  8 hounds
  A jelly (D:4)
  2 orc priests
  6 iguanas
  5 orc wizards
  Terence (D:2)
  10 adders
  6 gnolls
  2 shadow imps
  A worm (D:2)
  4 dart slugs
  21 orcs
  7 ball pythons
  3 bats
  7 endoplasms
  2 giant cockroaches
  9 goblins
  4 hobgoblins
  A jackal (D:4)
  2 quokkas (D:1)
  3 frilled lizards
  8 kobolds
  11 rats
193 creatures vanquished.

Vanquished Creatures (collateral kills)
  A yak (D:9)
  2 kobold brigands
  A gnoll sergeant (D:10)
  A wight (D:8)
  4 killer bees
  2 electric eels (D:8)
  A hound (D:8)
  2 orc wizards
  2 gnolls (D:10)
  7 orcs
  2 kobolds
25 creatures vanquished.

Vanquished Creatures (others)
  A yak (D:9)
  2 wights (D:6)
  A hound (D:8)
  A gnoll (D:7)
  2 orcs
  A kobold (D:7)
  A plant (D:8)
9 creatures vanquished.

Grand Total: 227 creatures vanquished

Notes
Turn   | Place    | Note
-------+----------+-------------------------------------------
     0 | D:5      | flotson the Demonspawn Delver began the quest for the Orb.
     0 | D:5      | Reached XP level 1. HP: 18/18 MP: 1/1
    46 | D:5      | Noticed a phantom
    73 | D:5      | Killed a phantom
    74 | D:5      | Reached skill level 1 in Armour
    74 | D:5      | Reached skill level 1 in Evocations
    74 | D:5      | Gained mutation: You have a somewhat thin skeletal
                  | structure. (Dex +2, Stealth+) [demonic ancestry]
    74 | D:5      | Reached XP level 2. HP: 6/24 MP: 2/2
    74 | D:5      | Gained mutation: You have a moderately thin skeletal
                  | structure. (Dex +4, Stealth++) [demonic ancestry]
    74 | D:5      | Reached XP level 3. HP: 8/29 MP: 3/3
    74 | D:5      | Gained mutation: You are partially covered in sharp spines.
                  | [demonic ancestry]
    74 | D:5      | Reached XP level 4. HP: 10/35 MP: 4/4
   188 | D:5      | Got the Incunabulum of Blasphemous Magic and Variation
   296 | D:4      | Reached skill level 5 in Stealth
   365 | D:4      | Noticed an ogre
   380 | D:4      | Reached XP level 5. HP: 21/42 MP: 5/5
   641 | D:1      | Found a faded altar of an unknown god.
  1426 | D:2      | Found an iron altar of Okawaru.
  1580 | D:2      | Noticed Terence
  1581 | D:2      | Found Fisk's Magic Scroll Shop.
  1592 | D:2      | Killed Terence
  1593 | D:2      | Reached skill level 4 in Fighting
  1625 | D:2      | Bought a scroll of identify for 24 gold pieces
  1625 | D:2      | Bought a scroll of identify for 24 gold pieces
  1625 | D:2      | Bought a scroll of teleportation for 36 gold pieces
  2052 | D:3      | Found a burning altar of Makhleb.
  2052 | D:3      | Found a sacrificial altar of Ru.
  2416 | D:4      | Killed an ogre
  2417 | D:4      | Gained mutation: You are mostly covered in sharp spines.
                  | [demonic ancestry]
  2417 | D:4      | Reached XP level 6. HP: 15/48 MP: 6/6
  3060 | D:4      | Gained mutation: You have sharp fingernails. [demonic
                  | ancestry]
  3060 | D:4      | Reached XP level 7. HP: 55/55 MP: 7/7
  3411 | D:4      | Noticed a yak
  3421 | D:4      | Killed a yak
  3424 | D:4      | Reached skill level 5 in Fighting
  4316 | D:6      | Noticed Sigmund
  4336 | D:6      | Killed Sigmund
  4337 | D:6      | Reached XP level 8. HP: 63/63 MP: 8/8
  4369 | D:6      | Noticed Duvessa
  4371 | D:6      | Noticed Dowan
  4380 | D:6      | Killed Duvessa
  4385 | D:6      | Killed Dowan
  4528 | D:6      | Reached skill level 6 in Fighting
  4528 | D:6      | Reached skill level 5 in Dodging
  4537 | D:6      | Reached skill level 5 in Evocations
  5053 | D:7      | Reached skill level 1 in Throwing
  5086 | D:7      | Reached skill level 1 in Axes
  5087 | D:7      | Reached XP level 9. HP: 60/71 MP: 9/9
  5090 | D:7      | Reached skill level 5 in Armour
  5338 | D:7      | Found a staircase to the Ecumenical Temple.
  5347 | Temple   | Entered the Ecumenical Temple
  6008 | D:8      | Found Xogix's Jewellery Emporium.
  6131 | D:8      | Reached skill level 7 in Fighting
  6180 | D:8      | Found a staircase to the Lair.
  6368 | D:8      | Noticed a three-headed hydra
  6572 | D:8      | Noticed a troll
  6574 | D:8      | Gained mutation: You have very sharp fingernails. [demonic
                  | ancestry]
  6574 | D:8      | Reached XP level 10. HP: 79/79 MP: 10/10
  6865 | D:8      | Killed a six-headed hydra
  7440 | D:9      | Reached skill level 8 in Fighting
  7757 | D:9      | Noticed a two-headed ogre
  7766 | D:9      | Killed a two-headed ogre
  7870 | D:10     | Entered Level 10 of the Dungeon
  7960 | D:10     | Gained mutation: You regenerate a little health from kills.
                  | [demonic ancestry]
  7960 | D:10     | Reached XP level 11. HP: 78/86 MP: 11/11
  8380 | D:10     | Noticed a five-headed hydra
  8384 | D:10     | Noticed a centaur warrior
  8402 | D:10     | Killed a five-headed hydra
  8403 | D:10     | Reached skill level 5 in Axes
  8403 | D:10     | Reached skill level 5 in Throwing
  8502 | D:10     | Shot with an arrow by a centaur warrior

Illustrated notes

Levels and vault maps discovered:
D:1:      dpeg_arrival_snail, layout_basic, nicolae_ecumenical_lake_church,
          minmay_split_cup_large
D:2:      layout_basic, basic_altar, serial_shops, nicolae_diamond_shop,
          uniq_terence
D:3:      layout_rooms, mainiacjoe_overflow_divided_tiny
D:4:      cheibrodos_barr_body, layout_layer_cave, item_on_display_a
D:5:      layout_basic
D:6:      layout_loops_ring, uniq_duvessa, uniq_sigmund
D:7:      layout_cave_pods, minmay_temple_entry_poolview, minivault_25
D:8:      layout_cave_pools, erik_lair_island, serial_shops, shop,
          chequers_arboretum, nicolae_wwwww, hangedman_ranch
D:9:      layout_gridville
D:10:     minmay_the_grid_octo_2x2 [minmay_the_grid_octo_concentric,
          minmay_the_grid_octo_tetromino_candy, minmay_the_grid_octo_teeth,
          minmay_the_grid_octo_prize_ultimate_mussel_roller], layout_cave_pools,
          kennysheep_slug_shrine
Temple:   nicolae_temple_bog_church

Skill      XL: |  1  2  3  4  5  6  7  8  9 10 11 |
---------------+----------------------------------+-----
Armour         | 1 2 3 4 5 6 7 |  7.1
Dodging        | 2 3 4 5 6 7 |  7.5
Evocations     | 1 2 3 4 5 6 7 |  7.7
Stealth        | 5 |  5.0
Fighting       | 4 5 6 7 8 |  8.5
Throwing       | 1 3 4 5 |  5.0
Axes           | 1 3 4 5 |  5.0
Polearms       | |  1.7

Action                   |  1- 3 |  4- 6 |  7- 9 | 10-12 || total
-------------------------+-------+-------+-------+-------++-------
Melee: Spear             |    24 |   193 |       |       ||   217
       Punch             |     1 |     2 |       |       ||     3
       Halberd           |       |    15 |    41 |       ||    56
       Trident           |       |       |    60 |       ||    60
       War axe           |       |       |   102 |   119 ||   221
       Whip              |       |       |       |    28 ||    28
Throw: Dart              |       |       |       |     3 ||     3
Evoke: Wand              |       |     2 |       |       ||     2
       Condenser vane    |       |       |       |     1 ||     1
  Use: Potion            |     1 |       |       |       ||     1
       Scroll            |       |       |     1 |     7 ||     8
 Stab: Sleeping          |       |    23 |     9 |     6 ||    38
       Distracted        |       |     1 |     1 |       ||     2
Armor: Scale mail        |     5 |    54 |    50 |       ||   109
       Ring mail         |       |       |    44 |   108 ||   152
Dodge: Dodged            |     5 |    65 |   123 |   179 ||   372

Table legend: (Time is in decaauts)
 A = Elapsed time spent in this place.
 B = Non-inter-level travel time spent in this place.
 C = Inter-level travel time spent in this place.
 D = Time resting spent in this place.
 E = Time spent auto-exploring this place.
 F = Levels seen in this place.
 G = Mean time per level.
                   A        B        C        D        E       F      G
               +--------+--------+--------+--------+--------+-----+--------+
         Total |   8614 |   8305 |    309 |    209 |   6432 |  11 |  783.1 |
       Dungeon |   8422 |   8135 |    287 |    209 |   6275 |  10 |  842.2 |
        Temple |    192 |    171 |     21 |      0 |    157 |   1 |  192.0 |
               +--------+--------+--------+--------+--------+-----+--------+

Top non-repeatable levels by time:
     D:4: 1590 daAuts
     D:7: 1006 daAuts
     D:8: 963 daAuts
     D:9: 849 daAuts
     D:5: 841 daAuts
     D:1: 820 daAuts
     D:2: 681 daAuts
     D:6: 659 daAuts
    D:10: 648 daAuts
     D:3: 361 daAuts
  Temple: 192 daAuts
